 Dungeon Crawl Stone Soup version 0.26-a0-665-gefeb406119 (webtiles) character file.

Game seed: 10975268113718320455

9141 lunkers the Covert (level 11, -4/72 HPs)
             Began as a Kobold Delver on Oct 15, 2020.
             Was an Initiate of Gozag.
             Slain by a blink frog (17 damage)
             ... on level 2 of the Lair of Beasts.
             The game lasted 00:18:03 (13624 turns).

lunkers the Covert (Kobold Delver)                 Turns: 13624, Time: 00:18:03

Health: -4/72      AC:  5    Str: 11    XL:     11   Next: 68%
Magic:  11/11      EV: 24    Int: 11    God:    Gozag
Gold:   1764       SH:  0    Dex: 19    Spells: 10/10 levels left

rFire    . . .     SeeInvis .   b - +7 long sword
rCold    . . .     Faith    .   (shield restricted)
rNeg     . . .     Spirit   .   (no armour)
rPois    .         Reflect  .   w - +0 helmet
rElec    .         Harm     .   (no cloak)
rCorr    .         Rampage  .   D - +2 pair of gloves
MR       .....                  B - +0 pair of boots
Stlth    +++++++...             K - amulet of regeneration
HPRegen  0.62/turn              v - ring of flight
MPRegen  0.12/turn              y - ring of stealth

@: no status effects
A: small, nightstalker 3
a: Potion Petition, Call Merchant, Bribe Branch, Renounce Religion, Evoke Flight


You were on level 2 of the Lair of Beasts.
You worshipped Gozag.
Gozag was most pleased with you.
You visited 2 branches of the dungeon, and saw 12 of its levels.

You collected 1856 gold pieces.
You paid 92 gold pieces to Gozag.

Inventory:

Hand Weapons
 a - a +0 short sword
 b - a +7 long sword (weapon)
Missiles
 n - 2 throwing nets {=f}
Armour
 j - a +2 robe of cold resistance
 l - a +0 leather armour
 w - a +0 helmet (worn)
 B - a +0 pair of boots (worn)
 D - a +2 pair of gloves (worn)
Jewellery
 v - a ring of flight (left hand)
 y - a ring of stealth (right hand)
 K - an amulet of regeneration (around neck)
Wands
 g - a wand of digging (7)
 h - a wand of iceblast (8)
 H - a wand of disintegration (12)
 I - a wand of random effects (29)
Scrolls
 c - a scroll of fog
 d - 8 scrolls of magic mapping
 e - a scroll of fear
 k - 4 scrolls of amnesia
 m - a scroll of immolation {unknown}
 o - 13 scrolls of identify
 s - 4 scrolls of teleportation
 t - 6 scrolls of remove curse
 u - a scroll of blinking {unknown}
 E - a scroll of enchant weapon {unknown}
Potions
 f - 3 potions of haste
 p - 3 potions of stabbing
 q - 4 potions of might {unknown}
 r - 4 potions of flight {unknown}
 x - 2 potions of resistance {unknown}
 z - a potion of ambrosia {unknown}
 A - 5 potions of curing {unknown}
 C - a potion of heal wounds {unknown}
 F - a potion of berserk rage {unknown}
 G - a potion of degeneration {unknown}
 J - a potion of magic {unknown}
Miscellaneous
 i - a phantom mirror


   Skills:
 + Level 10.0 Fighting
 - Level 10.0 Short Blades
 + Level 10.5 Dodging
 - Level 12.0 Stealth
 + Level 8.8 Evocations


You had 10 spell levels left.
You didn't know any spells.
Your spell library was empty.

Dungeon Overview and Level Annotations

Branches:
Dungeon (10/15)            Temple (0/1) D:5            Lair (1/6) D:10
    Orc (0/2) D:10

Altars:
Elyvilon
Fedhas
Gozag
Hepliaklqana
Makhleb
Nemelex Xobeh
Okawaru
Ru
Trog
Uskayaw
Vehumet
Xom
Yredelemnul
The Shining One

Annotations:
D:5 2 transporters, Ikiru's ghost, weakling GrBe
D:10 1 transporter, imo's ghost, novice DDFi


Innate Abilities, Weirdness & Mutations

You are small and have problems with some larger weapons.
You are completely attuned to the shadows.


Message History

The blink frog misses you.
You riposte.
You slash the blink frog!
The blink frog is heavily wounded.
The blink frog misses you.
Unknown command.
You hit the blink frog.
The blink frog is severely wounded.
The blink frog misses you.
You riposte.
You slash the blink frog!
The blink frog is almost dead.
The blink frog misses you.
You riposte.
You closely miss the blink frog.
The blink frog is almost dead.
Unknown command.
You miss the blink frog.
The blink frog is almost dead.
The blink frog closely misses you.
You riposte.
You miss the blink frog.
The blink frog is almost dead.
You closely miss the blink frog.
The blink frog is almost dead.
The blink frog hits you!
You die...
Your body crumbles into a pile of gold.

#.# ... #.# #.###
#.#####...###
##.##.#...##.# #.
#.............
#.#
##.......##P.#
...#
###..P.#.######
....####...###.##
.....@##.......#
.###.F.........#
....#$..#......#
....###..#$.P.##
.#.. .......#...
#.. .##.#######
##


You could see a blink frog.

Vanquished Creatures
  2 two-headed ogres (D:10)
  Pikel (D:7)
  Maurice (D:8)
  A gargoyle (D:10)
  A komodo dragon (Lair:2)
  A troll (D:10)
  A hornet (D:9)
  7 blink frogs
  Sigmund (D:5)
  A wyvern (D:7)
  A vampire (D:9)
  2 water moccasins
  2 orc warriors
  A sky beast (D:6)
  2 ogres
  2 phantoms
  2 ice beasts
  2 wolves (D:10)
  4 centaurs
  A lemure (D:7)
  4 bullfrogs
  2 scorpions
  14 wights
  14 killer bees
  3 electric eels (D:10)
  A gnoll shaman (D:4)
  9 hounds
  2 centaur skeletons
  6 orc priests
  A bullfrog skeleton (D:9)
  2 jellies
  2 orc wizards (D:9)
  5 iguanas
  2 worker ants
  3 hound zombies
  2 hound skeletons
  A worker ant zombie (D:7)
  2 howler monkey zombies
  Robin (D:2)
  11 adders
  4 gnolls
  2 howler monkey skeletons
  2 shadow imps
  3 white imps
  2 ufetubi
  An ooze (D:1)
  An adder zombie (D:9)
  2 adder skeletons
  2 worms
  2 dart slugs
  4 leopard geckos
  14 orcs
  4 giant cockroaches
  18 goblins
  7 hobgoblins
  7 jackals
  6 kobolds
  2 quokkas
  2 ball pythons (D:2)
  4 bats
  3 frilled lizards (D:1)
  2 leopard gecko zombies
  6 rats
223 creatures vanquished.

Vanquished Creatures (others)
  5 fungi (Lair:2)
  7 plants
12 creatures vanquished.

Grand Total: 235 creatures vanquished

Notes
Turn   | Place    | Note
-------+----------+-------------------------------------------
     0 | D:5      | lunkers the Kobold Delver began the quest for the Orb.
     0 | D:5      | Reached XP level 1. HP: 14/14 MP: 1/1
    44 | D:5      | Noticed an iguana
    72 | D:5      | Reached XP level 2. HP: 19/19 MP: 2/2
   115 | D:5      | Found a transporter.
   115 | D:5      | Noticed Ikiru's ghost (weakling GrBe)
   133 | D:5      | Reached XP level 3. HP: 24/24 MP: 3/3
   183 | D:5      | Reached skill level 7 in Stealth
   183 | D:5      | Reached XP level 4. HP: 29/29 MP: 4/4
   201 | D:4      | Found a white marble altar of Elyvilon.
   201 | D:4      | Found a glowing golden altar of the Shining One.
   234 | D:4      | Found an iron altar of Okawaru.
   503 | D:4      | Noticed a centaur
   931 | D:2      | Reached XP level 5. HP: 27/33 MP: 5/5
  2181 | D:2      | Found an opulent altar of Gozag.
  2200 | D:2      | Became a worshipper of Gozag Ym Sagoz the Greedy
  2230 | D:2      | Found a burning altar of Makhleb.
  2232 | D:2      | Reached skill level 5 in Short Blades
  2232 | D:2      | Reached skill level 1 in Evocations
  2385 | D:2      | Noticed Robin
  2445 | D:2      | Killed Robin
  2445 | D:2      | Reached XP level 6. HP: 10/38 MP: 6/6
  2930 | D:2      | Found a hide-covered altar of Uskayaw.
  2933 | D:2      | Noticed a +0 dagger
  2933 | D:2      | Noticed a +0 hand axe
  3500 | D:3      | Found a bloodstained altar of Trog.
  4081 | D:4      | Reached XP level 7. HP: 19/44 MP: 7/7
  4571 | D:5      | Found a transporter.
  4719 | D:5      | Reached skill level 8 in Stealth
  5368 | D:5      | Found a staircase to the Ecumenical Temple.
  5368 | D:5      | Noticed Sigmund
  5372 | D:5      | Killed Sigmund
  5372 | D:5      | Reached skill level 5 in Fighting
  5372 | D:5      | Reached skill level 5 in Dodging
  5372 | D:5      | Reached XP level 8. HP: 49/49 MP: 8/8
  5399 | D:5      | Found a basalt altar of Yredelemnul.
  6100 | D:6      | Found a hazy altar of Hepliaklqana.
  6103 | D:6      | Found a radiant altar of Vehumet.
  6135 | D:6      | Found a sacrificial altar of Ru.
  6419 | D:6      | Reached skill level 9 in Stealth
  7163 | D:6      | Found a sparkling altar of Nemelex Xobeh.
  7164 | D:6      | Found a burning altar of Makhleb.
  7702 | D:7      | Noticed Pikel
  7839 | D:7      | Killed Pikel
  7839 | D:7      | Reached XP level 9. HP: 4/55 MP: 9/9
  8178 | D:7      | Found a blossoming altar of Fedhas.
  8361 | D:7      | You fall into a shaft and drop 2 floors!
  8415 | D:9      | Found a shimmering altar of Xom.
  8652 | D:7      | Reached skill level 10 in Short Blades
  8652 | D:7      | Reached skill level 10 in Stealth
  9611 | D:8      | Noticed Maurice
  9613 | D:8      | Killed Maurice
  9613 | D:8      | Reached XP level 10. HP: 63/63 MP: 10/10
 10058 | D:8      | Reached skill level 5 in Evocations
 10332 | D:8      | Reached skill level 11 in Stealth
 11424 | D:10     | Entered Level 10 of the Dungeon
 11559 | D:10     | Noticed a gargoyle
 11563 | D:10     | Killed a gargoyle
 11637 | D:10     | HP: 3/64 [poisoned by a killer bee]
 11642 | D:10     | HP: 2/64 [poisoned by a killer bee]
 11647 | D:10     | HP: 2/64 [poisoned by a killer bee]
 11652 | D:10     | HP: 3/64 [poisoned by a killer bee]
 12018 | D:10     | Noticed a two-headed ogre
 12022 | D:10     | Killed a two-headed ogre
 12022 | D:10     | Reached skill level 12 in Stealth
 12022 | D:10     | Reached XP level 11. HP: 69/69 MP: 11/11
 12370 | D:10     | Noticed a two-headed ogre
 12382 | D:10     | Killed a two-headed ogre
 12473 | D:10     | Found a staircase to the Lair.
 12499 | D:10     | Found a transporter.
 12502 | D:10     | Noticed imo's ghost (novice DDFi)
 12502 | D:10     | Identified the +9 great mace of Upyleo {speed, *Contam
                  | rElec rN+}
 12502 | D:10     | Noticed a two-headed ogre
 12542 | D:10     | Noticed a two-headed ogre
 12750 | D:10     | Found a staircase to the Orcish Mines.
 13045 | Lair:1   | Entered Level 1 of the Lair of Beasts
 13051 | Lair:1   | Reached skill level 10 in Dodging
 13348 | Lair:1   | You fall into a shaft and drop 1 floor!
 13611 | Lair:2   | Reached skill level 10 in Fighting
 13624 | Lair:2   | Slain by a blink frog

Illustrated notes

Levels and vault maps discovered:
D:1:      dpeg_arrival_signposts, layout_loops_ring
D:2:      layout_basic, nicolae_gozag_seed_capital, dancing_weapons_uskayaw,
          makhleb_blood_cavern_becter, uniq_robin
D:3:      layout_loops_cross, lemuel_round_altar
D:4:      layout_cave_pools, old_standard_altar,
          gammafunk_temple_overflow_elements, minivault_25, minmay_cupped
D:5:      layout_loops_ring, minmay_temple_entry_statues_fountains, basic_altar,
          gammafunk_ghost_mausoleum, uniq_sigmund
D:6:      layout_basic, grunt_temple_overflow_open,
          gammafunk_temple_overflow_statue
D:7:      layout_basic, fedhas_altar_3, uniq_pikel
D:8:      layout_cave_pods, uniq_maurice
D:9:      layout_loops_ring, lemuel_coloured_pillars_altar
D:10:     layout_irregular_city, erik_lair_island, orc_0_dummy,
          serial_column_ruins, column_ruins_grid_3, column_ruins_corridor_T,
          column_ruins_grid_3, gammafunk_ghost_smash, minmay_misc_feat_pillars
Lair:1:   wad_woods_minihive, layout_regular_city, st_stairs_7, uniq_gastronok
Lair:2:   layout_loops_ring

Skill      XL: |  1  2  3  4  5  6  7  8  9 10 11 |
---------------+----------------------------------+-----
Short Blades   | 3 4 5 6 9 10 | 10.0
Dodging        | 3 4 5 6 7 9 10 | 10.5
Stealth        | 7 8 9 10 12 | 12.0
Fighting       | 4 5 6 7 8 10 | 10.0
Evocations     | 1 2 3 4 6 8 |  8.8

Action                   |  1- 3 |  4- 6 |  7- 9 | 10-12 || total
-------------------------+-------+-------+-------+-------++-------
Melee: Short sword       |     5 |   275 |   301 |   285 ||   866
       Long sword        |       |       |       |   105 ||   105
Evoke: Wand              |       |       |     7 |    14 ||    21
  Use: Potion            |       |       |     1 |       ||     1
       Scroll            |       |       |       |    10 ||    10
 Stab: Sleeping          |     5 |    27 |    34 |    26 ||    92
       Distracted        |       |       |     2 |     4 ||     6
Armor: Leather armour    |       |    51 |    26 |       ||    77
       Skin              |       |       |     5 |    21 ||    26
Dodge: Dodged            |       |   195 |   194 |   418 ||   807
       Rpst.: Long sword |       |       |       |    63 ||    63

Table legend: (Time is in decaauts)
 A = Elapsed time spent in this place.
 B = Non-inter-level travel time spent in this place.
 C = Inter-level travel time spent in this place.
 D = Time resting spent in this place.
 E = Time spent auto-exploring this place.
 F = Levels seen in this place.
 G = Mean time per level.
                   A        B        C        D        E       F      G
               +--------+--------+--------+--------+--------+-----+--------+
         Total |  13384 |  12898 |    486 |    511 |  10400 |  12 | 1115.3 |
       Dungeon |  12797 |  12311 |    486 |    487 |  10058 |  10 | 1279.7 |
          Lair |    587 |    587 |      0 |     24 |    342 |   2 |  293.5 |
               +--------+--------+--------+--------+--------+-----+--------+

Top non-repeatable levels by time:
     D:7: 1676 daAuts
     D:6: 1605 daAuts
    D:10: 1583 daAuts
     D:8: 1270 daAuts
     D:4: 1244 daAuts
     D:3: 1148 daAuts
     D:9: 1096 daAuts
     D:2: 1084 daAuts
     D:1: 1058 daAuts
     D:5: 1030 daAuts
  Lair:1: 304 daAuts
  Lair:2: 283 daAuts
